 Dungeon Crawl Stone Soup version 0.31-a0-841-g038b102fc3 (webtiles) character file.

Game seed: 258649727982312611

123 pokeman the Magician (level 4, -2/25 HPs)
             Began as a Deep Elf Hedge Wizard on Sept 28, 2023.
             Slain by a hound (4 damage)
             ... on level 3 of the Dungeon.
             The game lasted 00:04:09 (3210 turns).

pokeman the Magician (Deep Elf Hedge Wizard)        Turns: 3210, Time: 00:04:09

Health: -2/25      AC:  3    Str:  7    XL:     4   Next: 79%
Magic:  2/13       EV: 12    Int: 21    God:
Gold:   81         SH:  0    Dex: 14    Spells: 6/14 levels left

rFire   + . .        h - +0 spear (flame)
rCold   . . .        (no shield)
rNeg    . . .        b - +0 robe
rPois   .            c - +0 hat
rElec   .            (no cloak)
rCorr   .            j - +0 pair of gloves
SInv    .            (no boots)
Will    .....        (no amulet)
Stlth   ++           g - ring of protection from fire
HPRegen 0.24/turn    (no ring)
MPRegen 0.13/turn

%: no passive effects
@: no status effects
A: no striking features
a: no special abilities


You were on level 3 of the Dungeon.
You visited 1 branch of the dungeon, and saw 4 of its levels.

You collected 81 gold pieces.

Inventory:

Hand Weapons
 h - a +0 spear of flaming (weapon)
Armour
 b - a +0 robe (worn)
 c - a +0 hat (worn)
 i - the +1 ring mail of Ohuulung {+Inv Int+3}
   (You found it on level 2 of the Dungeon)

   Int+3:     It affects your intelligence (+3).
   +Inv:      It lets you turn invisible.
 j - a +0 pair of gloves (worn)
Jewellery
 g - a ring of protection from fire (left hand)
Scrolls
 f - a scroll of fear {unknown}
 l - 3 scrolls of identify {unknown}
Potions
 a - 2 potions of might {unknown}
 d - a potion of magic
 e - a potion of invisibility {unknown}
 k - a potion of berserk rage {unknown}


   Skills:
 - Level 1.0 Fighting
 - Level 1.0 Armour
 + Level 2.8 Dodging
 + Level 3.0 Stealth
 * Level 5.9 Spellcasting
 + Level 2.4 Conjurations
 - Level 1.1 Summonings
 - Level 1.1 Translocations


You had 6 spell levels left.
You knew the following spells:

 Your Spells              Type           Power      Damage    Failure   Level
a - Magic Dart            Conj           64%        1d6       3%          1
b - Mephitic Cloud        Conj/Pois/Air  9%         N/A       22%         3
c - Call Imp              Summ           20%        N/A       10%         2
d - Blink                 Tloc           20%        N/A       10%         2

Your spell library contained the following spells:

 Spells                   Type           Power      Damage    Failure   Level
 Summon Small Mammal      Summ           40%        N/A       6%          1
 Slow                     Hex            24%        N/A       10%         1
 Cigotuvi's Dreadful Rot  Necr/Pois/Air  12%        N/A       16%         2
 Call Canine Familiar     Summ           10%        N/A       19%         3
 Summon Guardian Golem    Hex/Summ       8%         N/A       24%         3


Dungeon Overview and Level Annotations

Branches:
Dungeon (4/15)
 Temple: D:4-7

Altars:
Uskayaw

Shops:
D:1 =


Message History

You miscast Mephitic Cloud.
Nothing appears to happen.
The hound barely misses you.
Unknown command.
Unknown command.
Casting: Mephitic Cloud (extremely dangerous; 22% risk of failure)
Confirm with . or Enter, or press ? or * to list all spells.
You don't have enough magic to cast this spell.
There are monsters nearby!
The hound bites you. The gnoll closely misses you.
The hound attacks as it pursues you! The hound closely misses you.
The adder completely misses you. The hound closely misses you.
The hound bites you. The hound bites you. The hound attacks as it pursues you!
The hound bites you. The hound barely misses you.
There is a stone staircase leading up here.
The hound bites you.
You climb upwards.
There is a stone staircase leading down here.
You barely miss the hound.
The hound is moderately wounded.
The hound bites you. The hound barely misses you.
You barely miss the hound.
The hound is moderately wounded.
The hound bites you. The hound closely misses you.
You closely miss the hound.
The hound is moderately wounded.
The hound barely misses you.
You hit the hound but do no damage.
The hound is moderately wounded.
The hound bites you.
* * * LOW HITPOINT WARNING * * *
The hound bites you.
* * * LOW HITPOINT WARNING * * *
Your magical contamination has completely faded away.
The hound attacks as it pursues you! The hound barely misses you.
The hound attacks as it pursues you! The hound closely misses you.
The hound bites you.
You die...

##......## #####
##........##
....####<.........#
###...............#
######..........#
#..†.......#
#..........#
##........##
##....<..@##
#........h.#
#.........>#
#........[.#
#..........#
#..........#
##........##
##......## ########


You could see a hound.

Vanquished Creatures
  An adder (D:2)
  2 gnolls
  A worm (D:2)
  2 dart slugs
  6 orcs (D:3)
  11 bats
  4 endoplasms
  4 giant cockroaches
  8 goblins
  5 hobgoblins
  3 jackals (D:2)
  6 quokkas
  3 ball pythons (D:1)
  3 frilled lizards
  9 kobolds
  6 rats
74 creatures vanquished.

Notes
Turn   | Place    | Note
-------+----------+-------------------------------------------
     0 | D:1      | pokeman the Deep Elf Hedge Wizard began the quest for the
                  | Orb.
     0 | D:1      | Reached XP level 1. HP: 10/10 MP: 7/7
   287 | D:1      | Reached XP level 2. HP: 16/16 MP: 5/9
   764 | D:1      | Reached skill level 5 in Spellcasting
   764 | D:1      | Reached XP level 3. HP: 20/20 MP: 2/11
   768 | D:1      | Learned a level 3 spell: Mephitic Cloud
   771 | D:1      | Learned a level 2 spell: Call Imp
   774 | D:1      | Learned a level 2 spell: Blink
  1031 | D:1      | Found Salisae's Jewellery Boutique.
  1593 | D:2      | Identified the +1 ring mail of Ohuulung {+Inv Int+3}
  1676 | D:2      | Reached skill level 1 in Fighting
  1744 | D:2      | Reached skill level 1 in Armour
  2017 | D:2      | Reached XP level 4. HP: 25/25 MP: 11/13
  3170 | D:4      | Found a hide-covered altar of Uskayaw.
  3208 | D:3      | HP: 1/25 [hound (3)]
  3210 | D:3      | Slain by a hound

Illustrated notes

Levels and vault maps discovered:
D:1:      matt_arrival_refuge, layout_basic, serial_shops, shop,
          minmay_misc_feat_room, bh_walls_and_bars
D:2:      layout_loops_ring, minmay_crystal_room, wad_floor_pattern_1
D:3:      layout_rooms
D:4:      layout_cave_pools, mainiacjoe_overflow_surrounded_room,
          mainiacjoe_overflow_alcove_4, lemuel_zombie_altar_yredelemnul,
          eat_drink_and_be_merry_uskayaw, serial_shops, nicolae_stop_n_shop_2,
          shop

Skill      XL: |  1  2  3  4 |
---------------+-------------+-----
Spellcasting   | 5 |  5.9
Conjurations   | 2 |  2.4
Fighting       | 1 |  1.0
Armour         | 1 |  1.0
Stealth        | 3 |  3.0
Dodging        | |  2.8
Summonings     | |  1.1
Translocations | |  1.1

Action                     |  1- 3 |  4- 6 || total
---------------------------+-------+-------++-------
  Melee: Spear             |     5 |     9 ||    14
   Cast: Magic Dart        |   117 |    71 ||   188
 Armour: Robe              |    17 |    17 ||    34
  Dodge: Dodged            |    23 |    25 ||    48

Table legend: (Time is in decaauts)
 A = Elapsed time spent in this place.
 B = Non-inter-level travel time spent in this place.
 C = Inter-level travel time spent in this place.
 D = Time resting spent in this place.
 E = Time spent auto-exploring this place.
 F = Levels seen in this place.
 G = Mean time per level.
                   A        B        C        D        E       F      G
               +--------+--------+--------+--------+--------+-----+--------+
         Total |   3210 |   3099 |    111 |      5 |   2724 |   4 |  802.5 |
       Dungeon |   3210 |   3099 |    111 |      5 |   2724 |   4 |  802.5 |
               +--------+--------+--------+--------+--------+-----+--------+

Top non-repeatable levels by time:
     D:1: 1441 daAuts
     D:2: 1077 daAuts
     D:3: 636 daAuts
     D:4: 55 daAuts
